 Dungeon Crawl Stone Soup version 0.31-a0-145-g046c7d2549 (webtiles) character file.

Game seed: 8482841642398801238

2081 Cheivey the Trooper (level 9, -6/57 HPs)
             Began as a Gargoyle Fighter on June 6, 2023.
             Was an Initiate of Gozag.
             Mangled by Duvessa
             ... wielding a +2 short sword of draining
              (9 damage)
             ... on level 6 of the Dungeon.
             The game lasted 00:11:23 (5661 turns).

Cheivey the Trooper (Gargoyle Fighter)              Turns: 5661, Time: 00:11:24

Health: -6/57      AC: 15    Str: 24    XL:     9   Next: 27%
Magic:  9/9        EV:  9    Int:  9    God:    Gozag
Gold:   536        SH: 13    Dex: 13    Spells: 8/8 levels left

rFire   . . .        f - +0 morningstar (protect)
rCold   . . .        c - +2 buckler
rNeg    + . .        b - +0 scale mail
rPois   ∞            (no helmet)
rElec   +            k - +0 cloak
rCorr   .            (no gloves)
SInv    .            (no boots)
Will    .....        v - amulet of reflection Stlth
                     u - +6 ring of dexterity
HPRegen 0.29/turn    (no ring)
MPRegen 0.11/turn

%: reflection
@: no status effects
A: sickness immunity, AC +6, negative energy resistance 1, electricity
resistance, torment resistance 1, petrification resistance, clumsy 1
a: Renounce Religion, Potion Petition, Call Merchant, Bribe Branch


You were on level 6 of the Dungeon.
You worshipped Gozag.
Gozag was pleased with you.
You visited 2 branches of the dungeon, and saw 7 of its levels.
You also visited: Sewer.

You collected 627 gold pieces.
You paid 91 gold pieces to Gozag.

Inventory:

Hand Weapons
 a - a +3 whip of venom
 f - a +0 morningstar of protection (weapon)
Missiles
 e - a throwing net (quivered)
 m - 3 datura-tipped darts
Armour
 b - a +0 scale mail (worn)
 c - a +2 buckler (worn)
 k - a +0 cloak (worn)
Jewellery
 d - a ring of wizardry
 g - an amulet of magic regeneration
 n - a +4 ring of slaying
 p - an amulet of faith
 t - an amulet of guardian spirit
 u - a +6 ring of dexterity (left hand)
 v - an amulet of reflection (around neck)
 w - the amulet "Poech" {Faith Regen+}
   (You found it on level 5 of the Dungeon)

   [amulet of faith]

   It allows you to gain divine favour quickly.
   Regen:     It increases your rate of health regeneration.
Wands
 l - a wand of flame (20)
Scrolls
 h - a scroll of vulnerability
 i - 3 scrolls of teleportation
 o - a scroll of blinking
 s - a scroll of identify
Potions
 j - 2 potions of curing
 q - 2 potions of ambrosia {unknown}
 r - a potion of enlightenment


   Skills:
 + Level 7.3 Fighting
 + Level 6.2 Maces & Flails
 + Level 7.2 Armour
 + Level 7.3 Shields


You had 8 spell levels left.
You didn't know any spells.
Your spell library contained the following spells:

 Spells                   Type           Power      Damage    Failure   Level
 Sandblast                Erth           0%         2d4       71%         1
 Sting                    Tmut/Pois      0%         1d3       71%         1
 Passwall                 Tmut/Erth      0%         N/A       85%         2
 Poisonous Vapours        Pois/Air       0%         N/A       85%         2
 Wereblood                Tmut           0%         N/A       85%         2
 Confusing Touch          Hex            0%         N/A       97%         3
 Inner Flame              Hex/Fire       0%         N/A       97%         3
 Stone Arrow              Conj/Erth      0%         3d7       97%         3
 Summon Guardian Golem    Hex/Summ       0%         N/A       97%         3
 Anguish                  Hex/Necr       0%         N/A       100%        4
 Olgreb's Toxic Radiance  Pois           0%         N/A       100%        4
 Yara's Violent Unravell  Hex/Tmut       0%         3d3       100%        5
 Enfeeble                 Hex            0%         N/A       100%        7
 Summon Hydra             Summ           0%         N/A       100%        7
 Sublimation of Blood     Necr           Unusable   N/A       N/A         2

Dungeon Overview and Level Annotations

Branches:
Dungeon (6/15) Zot: 25873  Temple (1/1) D:5 Zot: 5963   Sewer (visited)

Altars:
Ashenzari
Cheibriados
Dithmenos
Gozag
Hepliaklqana
Kikubaaqudgha
Qazlal
Uskayaw
Wu Jian
Yredelemnul

Shops:
D:1 ?   D:5 *

Annotations:
D:6 Duvessa


Innate Abilities, Weirdness & Mutations

You are immune to sickness and miasma.
Your stone body is resilient. (AC +6)
You are immune to poison.
You resist negative energy. (rN+)
You are resistant to electric shocks. (rElec)
You are resistant to unholy torment.
You are immune to petrification.
You are clumsy. (Dex -2)


Message History

You are too injured to fight recklessly!
You are too injured to fight recklessly!
You are too injured to fight recklessly!
You are too injured to fight recklessly!
You are too injured to fight recklessly!
You are too injured to fight recklessly!
You are too injured to fight recklessly!
You are too injured to fight recklessly!
You are too injured to fight recklessly!
You are too injured to fight recklessly!
You are too injured to fight recklessly!
You are too injured to fight recklessly!
You are too injured to fight recklessly!
You are too injured to fight recklessly!
You closely miss Duvessa.
Duvessa is moderately wounded.
You block Duvessa's attack. x2
Unknown command.
You completely miss Duvessa.
Duvessa is moderately wounded.
You block Duvessa's attack.
Duvessa hits you with a +2 short sword of draining.
* * * LOW HITPOINT WARNING * * *
You closely miss Duvessa.
Duvessa is moderately wounded.
Duvessa is no longer moving quickly.
You block Duvessa's attack.
You barely miss Duvessa.
Duvessa is moderately wounded.
You block Duvessa's attack. x2
You closely miss Duvessa.
Duvessa is moderately wounded.
You block Duvessa's attack.
Duvessa hits you with a +2 short sword of draining!
* * * LOW HITPOINT WARNING * * *
Unknown command.
You completely miss Duvessa.
Duvessa is moderately wounded.
Duvessa hits you with a +2 short sword of draining!
You die...
Your body crumbles into a pile of gold.

#.# #######.####.. #.#
#..# #.. #.# # ##.# ###
#)# .# #.# #.# ..# #.###
#.# ...# #.#P# #.#
..:.####.#~#
##.########.....##.#.#.###
#........@$.....##.#.####.
###.#.....e.....##~#.#~##.
#.#.#####.....####.#.##.
#...#..b#.....##~#.#.##.
##..#~~.#.#.####~#.####.
#..#~~~#.#.# #~#.# #.
#..#####.# # ###.# #.
#......... #.# #.
#######.. #.####.


You could see Duvessa (berserk) and a bat.

Vanquished Creatures
  Pikel (D:5)
  2 ice beasts (D:6)
  An ogre (D:5)
  A black bear (D:4)
  2 centaurs
  2 phantoms (D:5)
  A kobold brigand (Sewer)
  3 scorpions
  Dowan (D:6)
  3 electric eels (D:6)
  3 howler monkeys
  3 jellies
  2 orc priests
  2 sleepcaps
  Terence (D:3)
  An iguana (D:5)
  An orc wizard (D:5)
  9 adders
  A gnoll (D:1)
  A river rat (D:3)
  An ufetubus (D:4)
  A worm (D:2)
  2 dart slugs (D:1)
  7 orcs
  8 ball pythons
  7 endoplasms
  3 giant cockroaches
  6 goblins
  4 hobgoblins
  3 quokkas
  5 bats
  4 frilled lizards
  20 kobolds
  8 rats
120 creatures vanquished.

Vanquished Creatures (others)
  2 orcs (D:6)
2 creatures vanquished.

Grand Total: 122 creatures vanquished

Notes
Turn   | Place    | Note
-------+----------+-------------------------------------------
     0 | D:1      | Cheivey the Gargoyle Fighter began the quest for the Orb.
     0 | D:1      | Reached XP level 1. HP: 14/14 MP: 1/1
   178 | D:1      | Reached XP level 2. HP: 19/19 MP: 2/2
   241 | D:1      | Found Huczamu's Magic Scroll Boutique.
   304 | D:1      | Got the Cyclopedia of Misfortune
   657 | D:1      | Reached XP level 3. HP: 6/24 MP: 3/3
  1044 | D:2      | Found a snail-covered altar of Cheibriados.
  1053 | D:2      | Reached XP level 4. HP: 29/29 MP: 4/4
  1178 | D:2      | Found a faded altar of an unknown god.
  1710 | D:3      | Found a glowing drain.
  1714 | Sewer    | Entered a sewer
  1865 | Sewer    | Reached XP level 5. HP: 31/33 MP: 5/5
  1911 | Sewer    | Noticed a kobold brigand
  1929 | Sewer    | Gained mutation: You are dopey. (Int -2) [potion of
                  | mutation]
  1929 | Sewer    | Gained mutation: You are vulnerable to heat. (rF-) [potion
                  | of mutation]
  1950 | Sewer    | Killed a kobold brigand
  2109 | Sewer    | Lost mutation: You are dopey. (Int -2) [potion of mutation]
  2109 | Sewer    | Lost mutation: You are vulnerable to heat. (rF-) [potion of
                  | mutation]
  2109 | Sewer    | Gained mutation: You are clumsy. (Dex -2) [potion of
                  | mutation]
  2124 | D:3      | Noticed Terence
  2133 | D:3      | Killed Terence
  2603 | D:3      | Found a faded altar of an unknown god.
  2608 | D:3      | Found an ancient bone altar of Kikubaaqudgha.
  2728 | D:4      | Reached XP level 6. HP: 34/39 MP: 6/6
  3057 | D:4      | Noticed a black bear
  3063 | D:4      | Killed a black bear
  3118 | D:4      | Found a stormy altar of Qazlal.
  3459 | D:4      | Found a basalt altar of Yredelemnul.
  3520 | D:5      | Entered Level 5 of the Dungeon
  3529 | D:5      | Reached skill level 5 in Fighting
  3529 | D:5      | Reached skill level 5 in Shields
  3570 | D:5      | Found a staircase to the Ecumenical Temple.
  3592 | D:5      | Identified the amulet "Poech" {Faith Regen+}
  3602 | Temple   | Entered the Ecumenical Temple
  3625 | Temple   | Became a worshipper of Gozag Ym Sagoz the Greedy
  3688 | D:5      | Reached skill level 5 in Armour
  3688 | D:5      | Reached XP level 7. HP: 42/44 MP: 7/7
  3804 | D:5      | Found an ornate altar of the Wu Jian Council.
  3844 | D:5      | Found a shadowy altar of Dithmenos.
  4090 | D:5      | Reached XP level 8. HP: 50/51 MP: 8/8
  4117 | D:5      | Noticed Pikel
  4144 | D:5      | Killed Pikel
  4145 | D:5      | Reached skill level 5 in Maces & Flails
  4201 | D:5      | Identified the +2 dagger of Fifoeg {heavy, Str+4 Int+4
                  | Dex-4}
  4379 | D:5      | Found Wenlealuunt's Serpentskin Sales.
  4762 | D:6      | Reached XP level 9. HP: 43/56 MP: 9/9
  5629 | D:6      | Noticed Dowan
  5630 | D:6      | Noticed Duvessa
  5650 | D:6      | Killed Dowan
  5661 | D:6      | Mangled by Duvessa

Illustrated notes

Levels and vault maps discovered:
D:1:      psy_arrival_dodecagon, layout_loops_ring, serial_shops,
          nicolae_shop_rolled_up
D:2:      layout_rooms, chequers_ecumenical_altar_simple_redux, basic_altar
D:3:      minmay_general_purpose_star, layout_basic,
          nicolae_overflow_ecumenical_swirl, gup_sewer_entry_bowl, uniq_terence
D:4:      wad_crossroads, layout_rooms, yredelemnul_altar_generic,
          grunt_qazlal_sundering
D:5:      layout_basic, mainiacjoe_overflow_concentric_impassable,
          marbit_many_paths, minmay_temple_entry_waves, guppyfry_shop_venom,
          uniq_pikel
D:6:      layout_basic, nicolae_ossuary_entry_monument, serial_aquarium,
          aquarium_bridge_long_joined [aquarium_subvault_wall,
          aquarium_subvault_balcony, aquarium_subvault_window,
          aquarium_subvault_window, aquarium_subvault_wall,
          aquarium_subvault_bridge], aquarium_window_corner,
          aquarium_window_corridor_1, aquarium_view_2e, aquarium_view_2e,
          aquarium_pool_1, kennysheep_boxes, uniq_duvessa
Temple:   nicolae_temple_superstar

Skill      XL: |  1  2  3  4  5  6  7  8  9 |
---------------+----------------------------+-----
Shields        | 4 5 6 7 |  7.3
Fighting       | 4 5 6 7 |  7.3
Armour         | 4 5 6 7 |  7.2
Maces & Flails | 3 4 5 6 |  6.2

Action                     |  1- 3 |  4- 6 |  7- 9 || total
---------------------------+-------+-------+-------++-------
  Melee: Flail             |    86 |    41 |       ||   127
         Morningstar       |       |   179 |   210 ||   389
         Whip              |       |     7 |       ||     7
  Throw: Dart              |       |     1 |       ||     1
    Use: Potion            |     1 |     5 |     3 ||     9
         Scroll            |     4 |    10 |     4 ||    18
   Stab: Distracted        |       |       |     1 ||     1
 Armour: Scale mail        |    50 |   205 |    79 ||   334
  Dodge: Dodged            |    45 |   153 |    63 ||   261
  Block: Buckler           |    22 |    94 |   147 ||   263
         Reflection        |       |       |     3 ||     3

Table legend: (Time is in decaauts)
 A = Elapsed time spent in this place.
 B = Non-inter-level travel time spent in this place.
 C = Inter-level travel time spent in this place.
 D = Time resting spent in this place.
 E = Time spent auto-exploring this place.
 F = Levels seen in this place.
 G = Mean time per level.
                   A        B        C        D        E       F      G
               +--------+--------+--------+--------+--------+-----+--------+
         Total |   5828 |   5692 |    136 |    200 |   4245 |   8 |  728.5 |
       Dungeon |   5355 |   5232 |    123 |    200 |   3989 |   6 |  892.5 |
        Temple |     36 |     23 |     13 |      0 |     12 |   1 |   36.0 |
         Sewer |    436 |    436 |      0 |      0 |    243 |   1 |  436.0 |
               +--------+--------+--------+--------+--------+-----+--------+

Top non-repeatable levels by time:
     D:6: 1125 daAuts
     D:5: 1037 daAuts
     D:3: 937 daAuts
     D:4: 878 daAuts
     D:1: 831 daAuts
     D:2: 543 daAuts
   Sewer: 436 daAuts
  Temple: 36 daAuts
